 Dungeon Crawl Stone Soup version 0.29-a0-923-g6e406bff71 (webtiles) character file.

Game seed: 7294724465268163302

38847 greasedhog the Marksgargoyle (level 14, -11/80 HPs)
             Began as a Gargoyle Hunter on July 27, 2022.
             Was a High Priest of Okawaru.
             Mangled by a spriggan rider
             ... wielding a +0 spear
              (16 damage)
             ... on level 1 of the Swamp.
             The game lasted 00:39:47 (19903 turns).

greasedhog the Marksgargoyle (Gargoyle Hunter)     Turns: 19903, Time: 00:39:47

Health: -11/80     AC: 27    Str: 16    XL:     14   Next: 3%
Magic:  16/17      EV: 27    Int: 10    God:    Okawaru [*****.]
Gold:   564        SH:  0    Dex: 26    Spells: 13/13 levels left

rFire   . . .      SeeInvis .   b - +3 scimitar (flame)
rCold   + . .      Faith    .   (no shield)
rNeg    + + +      Spirit   .   l - +2 steam dragon scales
rPois   ∞          Reflect  .   (no helmet)
rElec   +          Harm     .   K - +0 cloak {rCorr}
rCorr   +          Rampage  .   G - +2 pair of gloves {Stlth+}
Will    +....                   q - +1 pair of boots of the Fife {rN++ Dex+3}
Stlth   ++++++++..              o - amulet of regeneration
HPRegen 1.03/turn               F - ring of protection from cold
MPRegen 0.15/turn               O - +6 ring of dexterity

@: heroic, flying, slowed, very slow
A: sickness immunity, AC +10, big wings, negative energy resistance 1,
electricity resistance, torment resistance 1, petrification resistance
a: Renounce Religion, Heroism, Finesse, Duel


You were on level 1 of the Swamp.
You worshipped Okawaru.
Okawaru was extremely pleased with you.
You visited 5 branches of the dungeon, and saw 19 of its levels.
You also visited: Ossuary.

You collected 1529 gold pieces.
You spent 965 gold pieces at shops.

Inventory:

Hand Weapons
 a - a +1 shortbow of flaming
 b - a +3 scimitar of flaming (weapon)
Missiles
 d - 2 throwing nets
Armour
 l - +2 steam dragon scales (worn)
 q - the +1 pair of boots of the Fife (worn) {rN++ Dex+3}
   (You found it on level 3 of the Dungeon)

   Dex:       It affects your dexterity (+3).
   rN:        It greatly protects you from negative energy.
 G - a +2 pair of gloves of stealth (worn)
 K - a +0 cloak of preservation (worn)
Jewellery
 n - a ring of willpower
 o - an amulet of regeneration (around neck)
 F - a ring of protection from cold (left hand)
 N - a ring of positive energy
 O - a +6 ring of dexterity (right hand)
Wands
 j - a wand of iceblast (18)
 B - a wand of paralysis (8)
 L - a wand of polymorph (4)
 M - a wand of mindburst (11)
Scrolls
 e - 9 scrolls of teleportation
 g - 2 scrolls of fear
 s - a scroll of enchant weapon
 t - 5 scrolls of fog
 v - 4 scrolls of amnesia
 w - 3 scrolls of torment
 x - 13 scrolls of vulnerability
 y - 2 scrolls of identify
 C - a scroll of silence
 H - 2 scrolls of immolation
Potions
 c - a potion of might
 f - a potion of berserk rage
 h - 2 potions of flight
 i - a potion of heal wounds
 k - 4 potions of attraction
 m - 12 potions of curing
 p - a potion of ambrosia
 r - 2 potions of degeneration
 u - a potion of magic
 z - 5 potions of lignification
 A - a potion of brilliance
 D - a potion of resistance {unknown}
 E - 4 potions of haste {unknown}
 I - 2 potions of mutation {unknown}
 J - a potion of cancellation {unknown}
 P - a potion of experience {unknown}


   Skills:
 - Level 6.1(11.1) Fighting
 - Level 5.0(10.0) Long Blades
 - Level 16.0(21.0) Ranged Weapons
 * Level 6.6(11.6) Armour
 * Level 10.2(15.2) Dodging
 - Level 10.2(15.2) Stealth
 - Level 5.0 Invocations


You had 13 spell levels left.
You didn't know any spells.
Your spell library contained the following spells:

 Spells                   Type           Power      Damage    Failure   Level
 Foxfire                  Conj/Fire      0%         2x1d4     36%         1
 Conjure Flame            Conj/Fire      0%         6-21      75%         3
 Dazzling Flash           Conj/Hex       0%         N/A       75%         3
 Ignite Poison            Fire/Tmut/Pois 0%         N/A       75%         3
 Inner Flame              Hex/Fire       0%         N/A       75%         3
 Airstrike                Air            0%         0-1+      98%         4
 Flame Wave               Conj/Fire      0%         2d4       98%         4
 Iskenderun's Mystic Bla  Conj/Tloc      0%         2d3       98%         4
 Passage of Golubria      Tloc           0%         N/A       98%         4
 Petrify                  Tmut/Erth      0%         N/A       98%         4
 Sticky Flame             Conj/Fire      0%         2d3       98%         4
 Lightning Bolt           Conj/Air       0%         1d11      100%        5
 Metabolic Englaciation   Hex/Ice        0%         N/A       100%        5
 Silence                  Hex/Air        0%         N/A       100%        5
 Starburst                Conj/Fire      0%         6d3       100%        6
 Lehudib's Crystal Spear  Conj/Erth      0%         10d2      100%        8
 Summon Lightning Spire   Summ/Air       Unusable   N/A       N/A         4
 Statue Form              Tmut/Erth      Unusable   N/A       N/A         6

Dungeon Overview and Level Annotations

Branches:
Dungeon (10/15)            Temple (1/1) D:7            Lair (5/5) D:9
  Swamp (1/4) Lair:3        Snake (0/4) Lair:2        Slime (0/5) Lair:5
    Orc (2/2) D:9             Elf (0/3) Orc:2       Ossuary (visited)

Altars:
Ashenzari
Cheibriados
Dithmenos
Elyvilon
Fedhas
Gozag
Kikubaaqudgha
Makhleb
Nemelex Xobeh
Okawaru
Qazlal
Ru
Sif Muna
Trog
Uskayaw
Vehumet
Wu Jian
Xom
Yredelemnul
Zin
The Shining One
Lugonu

Shops:
Orc:2 [**(

Portals:
Abyss: D:9 Lair:5

Annotations:
Lair:3 1 runed translucent door, Xetequo's ghost, journeyman MiFi


Innate Abilities, Weirdness & Mutations

You are immune to sickness and miasma.
Your stone body is resilient. (AC +10)
You are immune to poison.
Your large and strong wings let you fly.
You resist negative energy. (rN+)
You are resistant to electric shocks. (rElec)
You are resistant to unholy torment.
You are immune to petrification.


Message History

The spriggan rider hits you from afar with a +4 spear!
The spriggan rider shouts!
Found a stone staircase leading down.
The spriggan druid shouts!
The spriggan rider hits you but does no damage.
The spriggan rider hits you from afar with a +4 spear!
The spriggan rider hits you from afar with a +0 spear!
The spriggan druid attacks as you move away!
The spriggan druid completely misses you.
The bog body attacks as you move away! The bog body completely misses you.
The spriggan rider hits you from afar with a +4 spear.
The spriggan rider barely misses you.
The bog body gestures at you while chanting.
The bolt of cold misses you.
The spriggan druid hits you with a +0 quarterstaff!
* * * LOW HITPOINT WARNING * * *
The spriggan rider completely misses you. x2
The spriggan druid hits you with a +0 quarterstaff!
* * * LOW HITPOINT WARNING * * *
As you read the scroll of fear, it crumbles to dust.
You assume a fearsome visage.
The bog body is unaffected. x2
The spriggan druid looks frightened!
The spriggan rider resists with almost no effort.
The spriggan rider easily resists.
The spriggan rider barely misses you. The spriggan rider misses you.
The spriggan druid moans, "Oh dear!
Oh dear!"
The spriggan rider barely misses you.
You slash the bog body! You burn the bog body.
The bog body is severely damaged.
The bog body touches you but does no damage.
The spriggan druid gibbers meaninglessly.
The spriggan rider closely misses you. x2
The bog body touches you but does no damage.
You slash the bog body! You burn the bog body.
You destroy the bog body!
Okawaru accepts your kill.
The spriggan rider hits you with a +4 spear!
* * * LOW HITPOINT WARNING * * *
The spriggan rider hits you from afar with a +0 spear!
You die...

♣........≈≈≈.♣♣≈≈≈≈.≈....≈♣
♣........≈§.♣≈≈≈≈≈♣......♣
♣≈........≈≈≈≈≈≈≈≈≈.♣♣♣.≈♣
♣≈.....≈≈≈≈♣≈≈≈≈≈.≈≈♣♣...♣
♣...♣≈.≈≈..≈≈≈≈≈i.≈≈♣♣..≈♣
♣♣..≈....§..♣♣≈♣....≈♣
♣.≈≈≈
♣...≈.≈≈≈≈≈......≈≈.≈♣ ♣♣♣♣
♣♣♣....≈≈≈≈≈nii.≈≈..♣♣
♣♣....§≈≈≈@.§♣...♣♣
♣♣.....≈≈≈.≈.♣♣≈.♣
♣♣..≈≈≈.≈≈§.≈≈....♣
♣≈..≈≈..≈≈.≈♣≈≈≈.[.. .
♣♣♣........♣♣♣...≈≈≈
..≈♣♣..≈....♣♣♣♣>≈.≈≈
.≈♣≈....<§§≈≈...>..≈≈
♣.....†..≈≈≈.....≈≈≈
....≈..†.≈≈..♣≈..


You could see 2 spriggan riders, a spriggan druid (fleeing) and a bog body.

Vanquished Creatures
  An eleionoma (Swamp:1)
  5 hydras
  Erica (D:8)
  A two-headed ogre (D:9)
  5 orc high priests
  3 thrashing horrors (Lair:5)
  4 bog bodies
  2 large abominations (Lair:5)
  An orc sorcerer (Orc:2)
  A will-o-the-wisp (Swamp:1)
  2 ugly things (Lair:5)
  4 black mambas
  A black mamba (shapeshifter) (Lair:5)
  2 cane toads
  A kobold demonologist (D:7)
  An eye of devastation (shapeshifter) (Lair:5)
  A rime drake (Lair:5)
  7 komodo dragons
  2 ancient zymes (Lair:5)
  A polar bear (Lair:5)
  A tyrant leech (Swamp:1)
  17 blink frogs
  2 trolls
  2 hornets (D:8)
  A spriggan (Lair:5)
  4 wyverns
  3 ynoxinuls (Lair:5)
  A golden eye (shapeshifter) (Lair:5)
  15 yaks
  7 basilisks
  2 steam dragons
  2 swamp worms (Lair:3)
  Menkaure (D:4)
  3 nagas
  2 wargs
  2 acid dragons (D:8)
  9 water moccasins
  23 orc warriors
  5 black bears
  8 small abominations (Lair:5)
  7 ogres
  2 centaurs
  2 phantoms
  8 bullfrogs
  6 kobold brigands
  A gnoll sergeant (D:9)
  13 scorpions
  2 wights (D:9)
  12 killer bees
  A howler monkey (D:9)
  An electric eel (Lair:3)
  5 hounds
  A human zombie (Ossuary)
  23 orc priests
  18 jellies
  A gnoll bouda (D:7)
  8 iguanas
  7 scorpion zombies (Ossuary)
  16 orc wizards
  10 hell rats
  4 mummies
  6 adders
  14 gnolls
  3 shadow imps
  3 white imps
  An ufetubus (D:7)
  3 worms (D:2)
  4 dart slugs
  59 orcs
  6 ball pythons
  10 endoplasms
  A giant cockroach (D:3)
  10 goblins
  7 hobgoblins
  4 jackals (D:1)
  21 kobolds
  2 quokkas
  15 bats
  7 frilled lizards
  3 gnoll zombies (Ossuary)
  6 goblin zombies
  A hobgoblin zombie (Ossuary)
  5 kobold zombies (Ossuary)
  3 orc zombies
  7 rats
  A lurking horror (D:9)
506 creatures vanquished.

Vanquished Creatures (others)
  2 bushes
  2 foxfires (Swamp:1)
  16 fungi
  25 plants
45 creatures vanquished.

Grand Total: 551 creatures vanquished

Notes
Turn   | Place    | Note
-------+----------+-------------------------------------------
     0 | D:1      | greasedhog the Gargoyle Hunter began the quest for the Orb.
     0 | D:1      | Reached XP level 1. HP: 12/12 MP: 1/1
   167 | D:1      | Reached XP level 2. HP: 17/17 MP: 2/2
   594 | D:1      | Reached XP level 3. HP: 21/21 MP: 3/3
  1184 | D:2      | Found a stormy altar of Qazlal.
  1384 | D:2      | Reached XP level 4. HP: 26/26 MP: 4/4
  1788 | D:3      | Reached skill level 5 in Ranged Weapons
  1881 | D:3      | Identified the +6 ring mail of Foolhardiness {rF+}
  1921 | D:3      | Identified the +1 pair of boots of the Fife {rN++ Dex+3}
  2212 | D:4      | Reached XP level 5. HP: 26/30 MP: 5/5
  2320 | D:4      | Noticed Menkaure
  2329 | D:4      | Killed Menkaure
  2330 | D:4      | Reached XP level 6. HP: 35/35 MP: 6/6
  2337 | D:4      | Reached skill level 6 in Ranged Weapons
  2445 | D:4      | Identified the +7 hand axe of Ymusoum {flame, Int+6}
  2554 | D:3      | Reached XP level 7. HP: 28/40 MP: 7/7
  2594 | D:4      | Found a sand-covered staircase.
  2602 | Ossuary  | Entered an ossuary
  2783 | Ossuary  | Reached skill level 7 in Ranged Weapons
  2783 | Ossuary  | Reached skill level 5 in Dodging
  2846 | Ossuary  | Reached XP level 8. HP: 46/46 MP: 8/8
  3055 | Ossuary  | Reached skill level 8 in Ranged Weapons
  3456 | D:5      | Entered Level 5 of the Dungeon
  3460 | D:5      | Reached skill level 5 in Fighting
  3744 | D:5      | Reached XP level 9. HP: 52/55 MP: 9/9
  3748 | D:5      | Reached skill level 1 in Long Blades
  3748 | D:5      | Reached skill level 9 in Ranged Weapons
  4469 | D:7      | Found a staircase to the Ecumenical Temple.
  4517 | Temple   | Entered the Ecumenical Temple
  4863 | Temple   | Became a worshipper of Warmaster Okawaru
  4944 | D:7      | Noticed a kobold demonologist
  4964 | D:7      | Killed a kobold demonologist
  4965 | D:7      | Reached skill level 10 in Ranged Weapons
  4981 | D:7      | Reached * piety under Okawaru
  5021 | D:7      | Found a radiant altar of Vehumet.
  5072 | D:7      | Found a bloodstained altar of Trog.
  5074 | D:7      | Found a basalt altar of Yredelemnul.
  5255 | D:7      | Reached skill level 1 in Invocations
  5716 | D:8      | Noticed a hornet
  5725 | D:8      | Noticed a hornet
  5734 | D:8      | Killed a hornet
  5756 | D:8      | Killed a hornet
  5757 | D:8      | Reached skill level 5 in Long Blades
  5757 | D:8      | Reached XP level 10. HP: 43/60 MP: 10/12
  5867 | D:8      | Identified a scroll of acquirement
  5868 | D:8      | Acquired a +0 pair of gloves of stealth
  5884 | D:8      | Reached ** piety under Okawaru
  5983 | D:8      | Noticed Erica
  5997 | D:8      | Killed Erica
  5998 | D:8      | Reached skill level 11 in Ranged Weapons
  6188 | D:8      | Reached skill level 5 in Invocations
  6896 | D:9      | Reached *** piety under Okawaru
  7167 | D:9      | Reached skill level 5 in Stealth
  7340 | D:9      | Reached skill level 12 in Ranged Weapons
  7343 | D:9      | Found a one-way gate to the infinite horrors of the Abyss.
  7394 | D:9      | Found a corrupted altar of Lugonu.
  7438 | D:9      | Reached XP level 11. HP: 14/64 MP: 14/14
  7878 | D:9      | Found a staircase to the Lair.
  7947 | D:9      | Found a white marble altar of Elyvilon.
  8077 | D:9      | Reached **** piety under Okawaru
  8101 | D:9      | Found a staircase to the Orcish Mines.
  8134 | D:10     | Entered Level 10 of the Dungeon
  8570 | D:9      | Noticed a two-headed ogre
  8580 | D:9      | Killed a two-headed ogre
  8865 | D:9      | Found a glowing silver altar of Zin.
  9149 | Lair:1   | Entered Level 1 of the Lair of Beasts
  9175 | Lair:1   | Noticed a four-headed hydra
  9185 | Lair:1   | Killed a one-headed hydra
  9185 | Lair:1   | Reached ***** piety under Okawaru
  9186 | Lair:1   | Reached skill level 13 in Ranged Weapons
  9584 | Lair:1   | Noticed an eight-headed hydra
  9600 | Lair:1   | Killed a two-headed hydra
 10616 | Lair:2   | Found a staircase to the Snake Pit.
 10739 | Lair:2   | Noticed a five-headed hydra
 10747 | Lair:2   | Killed a one-headed hydra
 10748 | Lair:2   | Reached skill level 10 in Stealth
 10748 | Lair:2   | Reached XP level 12. HP: 51/70 MP: 12/15
 11250 | Lair:2   | Reached skill level 14 in Ranged Weapons
 11720 | Lair:3   | Found a runed translucent door.
 11720 | Lair:3   | Noticed Xetequo's ghost (journeyman MiFi)
 11720 | Lair:3   | Identified the +7 spear of Defilement {venom, rElec rF++
                  | Int+7}
 12002 | Lair:3   | Noticed a four-headed hydra
 12008 | Lair:3   | Killed a two-headed hydra
 12008 | Lair:3   | Identified the +1 plate armour of Honour {-Cast rElec rC+
                  | Dex+5} (Okawaru gifted it to you on level 3 of the Lair of
                  | Beasts)
 12008 | Lair:3   | Received a gift from Okawaru
 12689 | Lair:3   | Found a staircase to the Swamp.
 13353 | Lair:4   | Noticed a five-headed hydra
 13365 | Lair:4   | Killed a one-headed hydra
 13652 | Lair:4   | Reached skill level 15 in Ranged Weapons
 14179 | Lair:5   | Entered Level 5 of the Lair of Beasts
 14592 | Lair:5   | Received a gift from Okawaru
 14734 | Lair:5   | Found a staircase to the Slime Pits.
 15118 | Lair:5   | Reached XP level 13. HP: 60/74 MP: 13/16
 15800 | Lair:5   | HP: 2/74 [small abomination (5)]
 15817 | Lair:5   | Reached skill level 16 in Ranged Weapons
 15850 | Lair:5   | Reached skill level 1 in Armour
 16120 | Lair:5   | Found a corrupted altar of Lugonu.
 16501 | Orc:1    | Entered Level 1 of the Orcish Mines
 16665 | Orc:2    | Entered Level 2 of the Orcish Mines
 17361 | Orc:2    | Found a staircase to the Elven Halls.
 18227 | Orc:2    | Reached skill level 5 in Armour
 19266 | Orc:2    | Found Ithrexapn's Antique Weapon Shop.
 19267 | Orc:2    | Found Osaclurph's Assorted Antiques.
 19268 | Orc:2    | Found Wezusono's Armour Boutique.
 19271 | Orc:2    | Found Halapegu's Assorted Antiques.
 19282 | Orc:2    | Reached skill level 10 in Dodging
 19353 | Orc:2    | Bought a scroll of identify for 60 gold pieces
 19353 | Orc:2    | Bought a scroll of teleportation for 90 gold pieces
 19353 | Orc:2    | Bought a scroll of identify for 60 gold pieces
 19354 | Orc:2    | Bought +2 steam dragon scales for 520 gold pieces
 19354 | Orc:2    | Bought a +0 cloak of preservation for 115 gold pieces
 19377 | Orc:2    | Bought a tiny bronze amulet for 120 gold pieces
 19773 | Swamp:1  | Entered Level 1 of the Swamp
 19773 | Swamp:1  | Noticed an eleionoma
 19785 | Swamp:1  | Killed an eleionoma
 19800 | Swamp:1  | Gained mutation: Your large and strong wings let you fly.
                  | [Gargoyle growth]
 19800 | Swamp:1  | Reached XP level 14. HP: 63/80 MP: 17/17
 19903 | Swamp:1  | Mangled by a spriggan rider

Illustrated notes

Levels and vault maps discovered:
D:1:      saegor_arrival_simple_d, layout_rooms
D:2:      layout_loops_cross, basic_altar, minmay_misc_feat_roman
D:3:      layout_rooms, minmay_vboxes
D:4:      layout_cave_pools, nicolae_ossuary_entry_giza, chequers_jeans,
          st_stairs_9, uniq_menkaure
D:5:      layout_cave_pools
D:6:      layout_rooms
D:7:      layout_loops_ring, jmf_multi_god_temple, overflow_temple_1_default,
          minmay_temple_entry_large_hall
D:8:      layout_basic, nicolae_wwwww, uniq_erica
D:9:      minmay_general_purpose_star, layout_gridville, elyvilon_altar_3,
          zin_academy, minmay_lair_entry_grove,
          kennysheep_orc_monster_closet_entryway,
          amcnicky_altar_lugonu_corruption
D:10:     layout_layer_cave, worldfamousw_hep_ancestral_shrine, serial_demonic,
          serial_demonic_f, serial_demonic_d, serial_demonic_a,
          serial_demonic_d, uniq_josephine
Temple:   compressed_dpeg_triangle_lava_temple
Lair:1:   layout_roguey, serial_bayou_shore_a, grunt_megastairs_4
Lair:2:   layout_cave_shapes, minmay_snake_entry_guardpost_small
Lair:3:   layout_long_grid, nicolae_swamp_entry_splash_gauntlet,
          ebering_ghost_funeral_grove
Lair:4:   layout_gridlike, lemuel_fruit_tree
Lair:5:   hellmonk_lair_end_abyssal_woods, layout_small_grid,
          minmay_slime_entry_jelly_boxes, serial_bayou_pond_e
Swamp:1:  layout_basic_swamp, hangedman_swamp_blocks, swamp_pool1,
          nicolae_swamp_spooky_pond
Orc:1:    layout_caves, basic_altar
Orc:2:    st_orc_mages, layout_diamond_mine, basic_altar,
          nicolae_orc_sculptors_studio, roderic_batcave

Skill      XL: |  1  2  3  4  5  6  7  8  9 10 11 12 13 |
---------------+----------------------------------------+-----
Dodging        | 2 3 4 5 7 10 | 10.2
Ranged Weapons | 5 6 7 8 10 12 13 15 16 | 16.0
Fighting       | 3 6 |  6.1
Long Blades    | 5 |  5.0
Invocations    | 2 5 |  5.0
Stealth        | 5 10 | 10.2
Armour         | 6 |  6.6

Action                   |  1- 3 |  4- 6 |  7- 9 | 10-12 | 13-15 || total
-------------------------+-------+-------+-------+-------+-------++-------
Melee: Dagger            |     7 |    19 |    59 |    35 |       ||   120
       Punch             |       |     1 |     1 |    15 |    14 ||    31
       Scimitar          |       |       |       |   393 |   265 ||   658
 Fire: Shortbow          |   107 |   122 |   363 |   386 |   316 ||  1294
Invok: Heroism           |       |       |       |    16 |    17 ||    33
       Finesse           |       |       |       |     3 |     2 ||     5
  Use: Scroll            |     3 |     4 |     8 |    10 |     8 ||    33
       Potion            |       |       |       |     4 |     3 ||     7
Armor: Leather armour    |    27 |    18 |       |       |       ||    45
       Ring mail         |       |    50 |   145 |       |       ||   195
       Steam dragon scal |       |       |    10 |     3 |     6 ||    19
       Acid dragon scale |       |       |       |   273 |   135 ||   408
Dodge: Dodged            |    32 |    64 |   206 |   396 |   501 ||  1199

Table legend: (Time is in decaauts)
 A = Elapsed time spent in this place.
 B = Non-inter-level travel time spent in this place.
 C = Inter-level travel time spent in this place.
 D = Time resting spent in this place.
 E = Time spent auto-exploring this place.
 F = Levels seen in this place.
 G = Mean time per level.
                   A        B        C        D        E       F      G
               +--------+--------+--------+--------+--------+-----+--------+
         Total |  19894 |  19217 |    677 |   2545 |  12995 |  20 |  994.7 |
       Dungeon |   8438 |   8065 |    373 |    668 |   5736 |  10 |  843.8 |
        Temple |    354 |    354 |      0 |      0 |    315 |   1 |  354.0 |
          Lair |   7319 |   7094 |    225 |    819 |   5279 |   5 | 1463.8 |
         Swamp |    135 |    135 |      0 |      0 |     62 |   1 |  135.0 |
  Orcish Mines |   3087 |   3010 |     77 |   1057 |   1352 |   2 | 1543.5 |
       Ossuary |    558 |    558 |      0 |      0 |    251 |   1 |  558.0 |
               +--------+--------+--------+--------+--------+-----+--------+

Top non-repeatable levels by time:
     D:9: 2277 daAuts
  Lair:5: 2116 daAuts
   Orc:2: 1647 daAuts
  Lair:3: 1568 daAuts
   Orc:1: 1439 daAuts
  Lair:1: 1417 daAuts
     D:8: 1272 daAuts
  Lair:4: 1191 daAuts
  Lair:2: 1024 daAuts
     D:1: 848 daAuts
     D:2: 848 daAuts
     D:7: 835 daAuts
     D:4: 727 daAuts
     D:3: 577 daAuts
     D:5: 575 daAuts
